 Dungeon Crawl Stone Soup version 0.30.1-11-g7821555f0a (webtiles) character file.

Game seed: 4903412768870597636

26 Finegan the Ducker (level 3, 31/31 HPs)
             Began as a Gnoll Gladiator on Nov 23, 2023.
             Was a Follower of Dithmenos.
             Quit the game on level 3 of the Dungeon.
             The game lasted 00:01:48 (501 turns).

Finegan the Ducker (Gnoll Gladiator)                 Turns: 501, Time: 00:01:48

Health: 31/31      AC:  4    Str: 13    XL:     3   Next: 8%
Magic:  3/3        EV: 14    Int:  9    God:    Dithmenos [*.....]
Gold:   109        SH:  0    Dex: 13    Spells: 3/3 levels left

rFire   . . .        a - +0 trident
rCold   . . .        (no shield)
rNeg    . . .        b - +0 leather armour
rPois   .            c - +0 helmet
rElec   .            (no cloak)
rCorr   .            (no gloves)
SInv    .            (no boots)
Will    .....        (no amulet)
Stlth   +            (no ring)
HPRegen 0.25/turn    (no ring)
MPRegen 0.08/turn

%: no passive effects
@: wreathed by umbra
A: fangs 1, strong nose, distributed training
a: Renounce Religion


You were on level 3 of the Dungeon.
You worshipped Dithmenos.
Dithmenos was aware of your devotion.
You visited 1 branch of the dungeon, and saw 3 of its levels.

You collected 109 gold pieces.

Inventory:

Hand Weapons
 a - a +0 trident (weapon)
Missiles
 d - 3 throwing nets (quivered)
 e - a javelin
Armour
 b - a +0 leather armour (worn)
 c - a +0 helmet (worn)
Scrolls
 f - 2 scrolls of teleportation
 g - a scroll of identify {unknown}
 h - a scroll of fear {unknown}
 j - a scroll of silence {unknown}
Potions
 i - a potion of mutation {unknown}
 k - a potion of attraction {unknown}
 l - a potion of heal wounds {unknown}


   Skills:
 + Level 4.5 Fighting
 + Level 0.6 Short Blades
 + Level 0.6 Long Blades
 + Level 0.6 Axes
 + Level 0.6 Maces & Flails
 + Level 6.5 Polearms
 + Level 0.6 Staves
 + Level 0.6 Ranged Weapons
 + Level 4.5 Throwing
 + Level 0.6 Armour
 + Level 6.5 Dodging
 + Level 0.6 Stealth
 + Level 0.6 Shields
 + Level 0.6 Unarmed Combat
 + Level 0.6 Spellcasting
 + Level 0.4 Conjurations
 + Level 0.4 Hexes
 + Level 0.4 Summonings
 + Level 0.4 Necromancy
 + Level 0.4 Translocations
 + Level 0.4 Transmutations
 + Level 0.4 Fire Magic
 + Level 0.4 Ice Magic
 + Level 0.4 Air Magic
 + Level 0.4 Earth Magic
 + Level 0.4 Poison Magic
 + Level 0.8 Invocations
 + Level 0.6 Evocations


You had 3 spell levels left.
You didn't know any spells.
Your spell library contained the following spells:

 Spells                   Type           Power      Damage    Failure   Level
 Cause Fear               Hex            0%         N/A       99%         4
 Dragon Form              Tmut           0%         N/A       100%        7
 Dragon's Call            Summ           0%         N/A       100%        9


Dungeon Overview and Level Annotations

Branches:
Dungeon (3/15)

Altars:
Dithmenos

Annotations:
D:3 1 transporter


Innate Abilities, Weirdness & Mutations

You have very sharp teeth.
Your uncanny sense of smell can sniff out nearby items.
Your experience applies equally to all skills.


Message History

Okay, then.
There is a stone staircase leading down here.
You climb downwards.
Found a white potion and 5 stones.
Found a stone staircase leading up.
There is a stone staircase leading up here.
The endoplasm quivers.
You hit the endoplasm but do no damage. The endoplasm freezes you.
You are frozen.
You hit the endoplasm.
You kill the endoplasm!
Okay, then.
Okay, then.
k - a white potion You now have 105 gold pieces (gained 18).
Found a faded altar of an unknown god.
A goblin comes into view. It is wielding a +0 dagger.
Found a stone staircase leading up.
The goblin shouts!
You barely miss the goblin. You hit the goblin.
You kill the goblin!
You see here a +0 dagger.
There is a faded altar of an unknown god here.
This altar belongs to (a) Makhleb, (b) Dithmenos or (c) Vehumet, but you can't tell which.
Press the corresponding letter to learn more about a god, or press enter to convert or escape to cancel.
Dithmenos accepts your prayer! Dithmenos welcomes you!
You are shrouded in an aura of darkness!
Found 9 stones.
Found 4 gold pieces.
Found a fizzy emerald potion.
Found 6 gold pieces.
Found a transporter.
Found 8 gold pieces and a scroll labelled VAAPAMO PUMAFE.
Found a leather armour.
You now have 109 gold pieces (gained 4).
The kobold demonologist shouts!
You hear a shout!
Found an escape hatch in the ceiling.
l - a fizzy emerald potion
Okay, then.
Are you sure you want to abandon this character and quit the game? (Confirm with "yes".)

#...#..# #......<#
#.####.# #.......# ..
##.##########......(# ##
###.....#.....####.####
#._.........(..###.#
#..)............##.#
#........<......##.#
...................##.#
..###...........@...##.#
#...............#
##.............##
##...........##
######.####..## #.#
#...# ∆ #......©.....#
##.#########.#
.<..#8P$©$P8#.#


There were no monsters in sight!

Vanquished Creatures
  A dart slug (D:1)
  2 ball pythons (D:2)
  2 endoplasms
  2 giant cockroaches (D:2)
  3 goblins
  5 hobgoblins
  A kobold (D:1)
  A quokka (D:1)
  A bat (D:2)
  A frilled lizard (D:2)
19 creatures vanquished.

Notes
Turn   | Place    | Note
-------+----------+-------------------------------------------
     0 | D:1      | Finegan the Gnoll Gladiator began the quest for the Orb.
     0 | D:1      | Reached XP level 1. HP: 20/20 MP: 1/1
    82 | D:1      | Reached XP level 2. HP: 25/26 MP: 2/2
   408 | D:2      | Reached XP level 3. HP: 31/31 MP: 3/3
   458 | D:3      | Found a faded altar of an unknown god.
   468 | D:3      | Prayed at the altar of an unknown god.
   468 | D:3      | Became a worshipper of Dithmenos the Shadowed
   468 | D:3      | Reached * piety under Dithmenos
   482 | D:3      | Found a transporter.
   487 | D:3      | Noticed a kobold demonologist
   501 | D:3      | Quit the game

Illustrated notes

Levels and vault maps discovered:
D:1:      dpeg_arrival_erosion, layout_basic, minivault_25, kennysheep_doodads,
          minivault_24, hangedman_abyss_or_decor_lesser_grid
D:2:      layout_basic
D:3:      gammafunk_wand_slinger, layout_rooms, okawaru_gym_becter,
          basic_ecumenical_altar

Action                     || total
---------------------------++-------
  Melee: Trident           ||    58
         Bite              ||     5
         Punch             ||     1
    Use: Scroll            ||     1
 Armour: Leather armour    ||     9
  Dodge: Dodged            ||    54
